 Dungeon Crawl Stone Soup version 0.21.1-68-g103a7afc0a (webtiles) character file.

66288 Pisosu the Warrior (level 14, 0/138 HPs)
             Began as a Minotaur Hunter on Aug 2, 2018.
             Was the Champion of Okawaru.
             Succumbed to a green very ugly thing's poison
             ... on level 1 of the Depths.
             The game lasted 02:18:13 (18148 turns).

Pisosu the Warrior (Minotaur Hunter)               Turns: 18148, Time: 02:18:13

Health: 0/138      AC: 25    Str: 18    XL:     14   Next: 78%
Magic:  13/13      EV: 17    Int: 10    God:    Okawaru [******]
Gold:   1005       SH: 19    Dex: 24    Spells: 13/13 levels left

rFire    x . .     SeeInvis +   a - +9 hand crossbow (flame)
rCold    . . .     Gourm    .   I - +5 shield {reflect}
rNeg     . . .     Faith    .   B - +6 chain mail of Lifelessness {rF- Dex+2 SInv}
rPois    .         Spirit   .   (helmet restricted)
rElec    .         Reflect  +   E - +2 cloak
rCorr    .         Harm     .   U - +0 pair of gloves
MR       +....                  x - +0 pair of boots
Stlth    ..........             Q - amulet of regeneration
HPRegen  0.33/turn              c - ring "Qemoibaa" {EV+5 Dex+5}
MPRegen  0.13/turn              l - ring "Ufonkasa" {Wiz Int+2 Dex+2 Slay+3}

@: lethally poisoned (0 -> -27), very slightly contaminated
A: retaliatory headbutt, horns 2
a: Heroism, Finesse, Renounce Religion


You were on level 1 of the Depths.
You worshipped Okawaru.
Okawaru was exalted by your worship.
You were not hungry.

You visited 3 branches of the dungeon, and saw 17 of its levels.
You also visited: Trove and Bailey.

You collected 1455 gold pieces.
You spent 450 gold pieces at shops.

Inventory:

Hand Weapons
 a - a +9 hand crossbow of flaming (weapon)
 M - a +2 arbalest of flaming
 N - a +1 hand crossbow of freezing
 T - the +10 glaive "Transmigrator" {freeze, *Drain rN+ Dex+4}
   (You found it on level 11 of the Dungeon)

   It has been specially enchanted to freeze those struck by it, causing extra
   injury to most foes and up to half again as much damage against particularly
   susceptible opponents.
   It can also slow down cold-blooded creatures.
   It affects your dexterity (+4).
   It protects you from negative energy.
   It causes draining when unequipped.
Missiles
 d - 174 bolts (quivered)
Armour
 n - a +2 plate armour of cold resistance
 x - a +0 pair of boots (worn)
 B - the +6 chain mail of Lifelessness (worn) {rF- Dex+2 SInv}
   (You found it on level 4 of the Dungeon)

   It affects your dexterity (+2).
   It makes you vulnerable to fire.
   It lets you see invisible.
 D - +0 acid dragon scales
 E - a +2 cloak (worn)
 I - a +5 shield of reflection (worn)
 U - a +0 pair of gloves (worn)
 Y - a +0 ring mail of fire resistance
Jewellery
 b - a +3 amulet of reflection
 c - the ring "Qemoibaa" (left hand) {EV+5 Dex+5}
   (You found it in a treasure trove)

   [ring of evasion]

   It affects your evasion (+5).
   It affects your dexterity (+5).
 h - an uncursed ring of positive energy
 l - the ring "Ufonkasa" (right hand) {Wiz Int+2 Dex+2 Slay+3}
   (You found it in a treasure trove)

   [ring of wizardry]

   It improves your spell success rate.
   It affects your intelligence (+2).
   It affects your dexterity (+2).
   It affects your accuracy and damage with ranged weapons and melee attacks
   (+3).
 o - an uncursed ring of protection from fire
 u - an uncursed ring of flight
 G - the amulet of Xom's Entertainment {RegenMP rPois rF+ MR- Dex+3}
   (You found it in a treasure trove)

   [amulet of magic regeneration]

   It increases your magic regeneration.
   It affects your dexterity (+3).
   It protects you from fire.
   It protects you from poison.
   It affects your resistance to hostile enchantments.
 O - an uncursed amulet of the gourmand
 Q - an amulet of regeneration (around neck)
 R - an uncursed ring of resist corrosion
Wands
 e - a wand of iceblast (19)
 m - a wand of flame (106)
 p - a wand of paralysis (34)
 q - a wand of digging (13)
 F - a wand of acid (16)
 L - a wand of disintegration (16)
 S - a wand of scattershot (6)
 V - a wand of random effects (44)
 X - a wand of polymorph (15)
Scrolls
 i - 8 scrolls of remove curse
 j - 3 scrolls of identify
 r - a scroll of fog
 t - a scroll of fear
 v - a scroll of amnesia
 y - 2 scrolls of magic mapping
Potions
 k - a potion of resistance
 w - 2 potions of cancellation
 A - 3 potions of berserk rage
 H - 2 potions of lignification
 J - 2 potions of might
 W - 4 potions of flight
Books
 C - a book of Clouds

   Spells                             Type                      Level
   a - Poisonous Vapours              Poison/Air                   2
   b - Mephitic Cloud                 Conjuration/Poison/Air       3
   c - Conjure Flame                  Conjuration/Fire             3
   d - Freezing Cloud                 Conjuration/Ice/Air          6
   e - Ring of Flames                 Charms/Fire                  7
 P - a book of Frost

   Spells                             Type                      Level
   a - Freeze                         Ice                          1
   b - Throw Frost                    Conjuration/Ice              2
   c - Ozocubu's Armour               Charms/Ice                   3
   d - Throw Icicle                   Conjuration/Ice              4
   e - Summon Ice Beast               Ice/Summoning                4
 Z - a book of Changes

   Spells                             Type                      Level
   a - Beastly Appendage              Transmutation                1
   b - Sticks to Snakes               Transmutation                2
   c - Spider Form                    Transmutation/Poison         3
   d - Ice Form                       Ice/Transmutation            4
   e - Blade Hands                    Transmutation                5
Miscellaneous
 z - a lamp of fire
 K - a phantom mirror
Comestibles
 f - 31 rations


   Skills:
 + Level 16.3 Fighting
   Level 2.3 Short Blades
 - Level 6.3(6.8) Polearms
   Level 3.6(5.4) Staves
 + Level 15.5 Crossbows
 + Level 12.4 Armour
 + Level 6.3 Dodging
 - Level 0.7 Stealth
 + Level 12.5 Shields


You had 13 spell levels left.
You didn't know any spells.

Dungeon Overview and Level Annotations

Branches:
Dungeon (15/15)            Temple (1/1) D:7            Lair (0/6) D:8
    Orc (0/2) D:10         Depths (1/5) D:15
 Vaults: D:13-14

Altars:
Ashenzari
Cheibriados
Dithmenos
Elyvilon
Fedhas
Gozag
Hepliaklqana
Kikubaaqudgha
Makhleb
Nemelex Xobeh
Okawaru
Qazlal
Ru
Sif Muna
Trog
Uskayaw
Vehumet
Wu Jian
Xom
Yredelemnul
Zin
The Shining One

Shops:
D:8 =   D:11 *   Depths:1 =}=

Portals:
Hell: Depths:1

Annotations:
D:14 Sonja; motoroller71's ghost, journeyman GnGl


Innate Abilities, Weirdness & Mutations

You reflexively headbutt those who attack you in melee.
You have a pair of horns on your head.


Message History

The bolt hits the green very ugly thing!
The bolt burns the green very ugly thing.
The green very ugly thing is severely wounded.
* * * LOW HITPOINT WARNING * * *
You feel very sick.
* * * LOW HITPOINT WARNING * * *
You feel very sick.
Firing (i - inventory):
d - 175 bolts (quivered)
Press: ? - help, Shift-Dir - straight line, f/p - green very ugly thing
Aim: a green very ugly thing (severely wounded)
You shoot a bolt.
The bolt hits the green very ugly thing!!
The bolt burns the green very ugly thing!
You kill the green very ugly thing!
Okawaru is honoured by your kill. Something appears at your feet!
Okawaru grants you ammunition!
* * * LOW HITPOINT WARNING * * *
You feel very sick.
You die...

♣.......♣#.......................
♣♣♣♣∩♣♣♣♣#...(...###...#########.
#.#####...(...#.##.##∩#.#.+.#.
#.#........(..##.###.##'#'#[#.
#..............##...###.#.#.#'
###........u.(..#.).'.'.'.#.')
#........."..##...###.#.#.#'
#..........(##.###.##'#'#.#.
#..........@#.##.##.#.#.'.#.
###########.###...#########. ##
#..............).. .#
#................. .#
#####################..... .##
#......# ######..... ..# #......#
#.........# ..######......#
#.........# .......#......#
#.........#


You could see a red ugly thing.

Vanquished Creatures
  3 very ugly things (Depths:1)
  A fire dragon (Depths:1)
  A fire dragon (shapeshifter) (D:13)
  2 rakshasas
  A catoblepas (D:10)
  A hydra (D:13)
  An ice dragon (Depths:1)
  3 centaur warriors
  A tengu warrior (D:12)
  2 ogre magi
  17 two-headed ogres
  The ghost of hrogart the Cleaver, a novice HOFi (D:9)
  An unseen horror (D:15)
  4 skeletal warriors (D:15)
  2 wizards (D:13)
  6 orc knights
  2 deep elf magi (D:15)
  2 orc sorcerers (D:15)
  20 ugly things
  A cyclops (D:13)
  2 manticores
  Maurice (D:10)
  A rust devil (Depths:1)
  A naga mage (D:15)
  3 gargoyles
  The ghost of Anaz the Cudgeler, a novice HuSk (D:4)
  A komodo dragon (D:15)
  A kobold demonologist (D:14)
  An efreet (D:15)
  4 trolls
  A queen bee (D:12)
  3 meliai (D:12)
  5 hippogriffs
  6 slime creatures (D:12)
  2 shadows (D:15)
  3 wyverns
  A human (D:10)
  3 hogs (D:10)
  25 yaks
  4 basilisks
  3 hungry ghosts
  7 vampire mosquitoes
  A redback simulacrum (D:15)
  An acid dragon (D:14)
  2 water moccasins (D:9)
  13 orc warriors
  3 black bears
  6 sky beasts
  An eye of draining (D:10)
  6 ice beasts
  2 necrophages
  7 phantoms
  9 ogres
  4 centaurs
  2 crocodiles
  2 big kobolds
  An earth elemental (D:11)
  14 bullfrogs
  A wyvern skeleton (D:11)
  4 scorpions
  7 howler monkeys
  28 killer bees
  11 wights
  4 crimson imps
  5 centaur zombies
  11 hounds
  4 centaur skeletons
  5 jellies
  2 quasits
  8 orc priests
  Crazy Yiuf (D:4)
  A bullfrog skeleton (D:11)
  12 orc wizards
  2 iguanas
  Jessica (D:2)
  12 worker ants
  A hound skeleton (D:8)
  A worker ant zombie (D:11)
  5 gnolls (D:13)
  13 adders
  A howler monkey skeleton (D:11)
  2 shadow imps
  An ooze (D:6)
  2 adder skeletons
  3 adder zombies
  6 worms
  3 dart slugs
  A leopard gecko (D:2)
  91 orcs
  10 giant cockroaches
  9 goblins
  13 hobgoblins
  8 jackals
  3 quokkas
  5 bats
  6 frilled lizards
  A giant cockroach zombie (D:6)
  2 jackal skeletons
  18 kobolds
  9 rats
558 creatures vanquished.

Vanquished Creatures (others)
  A centaur warrior (D:15)
  A centaur (D:15)
  A worker ant (D:10)
3 creatures vanquished.

Grand Total: 561 creatures vanquished

Notes
Turn   | Place    | Note
-------+----------+-------------------------------------------
     0 | D:1      | Pisosu the Minotaur Hunter began the quest for the Orb.
     0 | D:1      | Reached XP level 1. HP: 18/18 MP: 0/0
   170 | D:1      | Reached XP level 2. HP: 22/25 MP: 1/1
   808 | D:2      | Reached skill level 1 in Armour
   808 | D:2      | Reached XP level 3. HP: 30/30 MP: 2/2
   910 | D:2      | Reached skill level 5 in Crossbows
   933 | D:2      | Reached skill level 1 in Short Blades
  1255 | D:2      | Reached XP level 4. HP: 19/37 MP: 3/3
  1315 | D:2      | Noticed Jessica
  1320 | D:2      | Killed Jessica
  1320 | D:2      | Reached skill level 3 in Fighting
  1741 | D:3      | Reached XP level 5. HP: 45/45 MP: 4/4
  1976 | D:4      | Found a burning altar of Makhleb.
  2127 | D:4      | Found a hazy altar of Hepliaklqana.
  2130 | D:4      | Found a shimmering altar of Xom.
  2130 | D:4      | Noticed a yak
  2131 | D:4      | Noticed a spectral ugly thing
  2131 | D:4      | Noticed a yak
  2211 | D:4      | Noticed Anaz's ghost (novice HuSk)
  2220 | D:4      | Killed Anaz's ghost
  2220 | D:4      | Reached skill level 4 in Fighting
  2220 | D:4      | Reached XP level 6. HP: 17/52 MP: 5/5
  2519 | D:4      | Reached XP level 7. HP: 40/60 MP: 6/6
  2722 | D:4      | Got a polished chain mail
  2723 | D:4      | Identified the +6 chain mail of Lifelessness {rF- Dex+2 SInv} (You found it on level 4 of the Dungeon)
  2766 | D:4      | Found a runed door.
  2860 | D:4      | Noticed Crazy Yiuf
  2867 | D:4      | Killed Crazy Yiuf
  2995 | D:5      | Entered Level 5 of the Dungeon
  3143 | D:5      | Reached skill level 5 in Fighting
  3429 | D:5      | Reached XP level 8. HP: 68/68 MP: 7/7
  3887 | D:6      | Reached skill level 10 in Crossbows
  3936 | D:6      | Reached skill level 6 in Fighting
  4477 | D:7      | Found a sparkling altar of Nemelex Xobeh.
  4528 | D:7      | Noticed a moth of wrath
  4911 | D:7      | Found a blossoming altar of Fedhas.
  5037 | D:7      | Reached skill level 7 in Fighting
  5037 | D:7      | Reached XP level 9. HP: 74/79 MP: 8/8
  5208 | D:7      | Reached skill level 1 in Shields
  5262 | D:7      | Found a staircase to the Ecumenical Temple.
  5283 | Temple   | Entered the Ecumenical Temple
  5358 | Temple   | Became a worshipper of Warmaster Okawaru
  5748 | D:7      | Found a bloodstained altar of Trog.
  5868 | D:8      | Reached skill level 1 in Staves
  5885 | D:8      | Reached skill level 5 in Armour
  5934 | D:8      | Noticed a two-headed ogre
  5938 | D:8      | Killed a two-headed ogre
  5938 | D:8      | Reached * piety under Okawaru
  5938 | D:8      | Reached skill level 8 in Fighting
  6088 | D:8      | Noticed a two-headed ogre
  6126 | D:8      | Killed a two-headed ogre
  6126 | D:8      | Reached ** piety under Okawaru
  6149 | D:8      | Reached XP level 10. HP: 71/90 MP: 9/9
  6243 | D:8      | Noticed a two-headed ogre
  6253 | D:8      | Killed a two-headed ogre
  6253 | D:8      | Reached *** piety under Okawaru
  6253 | D:8      | Received a gift from Okawaru
  6253 | D:8      | Reached skill level 9 in Fighting
  6831 | D:8      | Found a radiant altar of Vehumet.
  6850 | D:8      | Reached skill level 5 in Polearms
  6858 | D:8      | Received a gift from Okawaru
  6953 | D:8      | Found Eliwk's Jewellery Shop.
  6956 | D:8      | Bought an uncursed amulet of regeneration for 450 gold pieces
  7061 | D:8      | Found a staircase to the Lair.
  7356 | D:9      | Noticed hrogart's ghost (novice HOFi)
  7479 | D:9      | Killed hrogart's ghost
  7479 | D:9      | Reached **** piety under Okawaru
  7479 | D:9      | Received a gift from Okawaru
  7479 | D:9      | Reached skill level 10 in Fighting
  8062 | D:9      | Reached XP level 11. HP: 96/101 MP: 10/10
  8286 | D:9      | Found a glowing golden altar of the Shining One.
  8289 | D:9      | Found a basalt altar of Yredelemnul.
  8292 | D:9      | Found a shattered altar of Ashenzari.
  8334 | D:10     | Entered Level 10 of the Dungeon
  8393 | D:10     | Noticed a catoblepas
  8506 | D:10     | Noticed a two-headed ogre
  8527 | D:9      | Killed a two-headed ogre
  8527 | D:9      | Received a gift from Okawaru
  8527 | D:9      | Reached skill level 11 in Fighting
  8735 | D:10     | Found a staircase to the Orcish Mines.
  8942 | D:10     | Reached ***** piety under Okawaru
  8942 | D:10     | Received a gift from Okawaru
  8950 | D:10     | Reached skill level 5 in Dodging
  9041 | D:10     | Killed a catoblepas
  9144 | D:10     | Got a translucent bardiche
  9235 | D:10     | Noticed Maurice
  9243 | D:10     | Killed Maurice
  9243 | D:10     | Received a gift from Okawaru
  9276 | D:10     | Identified the +4 bardiche "Killer Bee's Doom" {holy, rPois rF+ Stlth+} (You found it on level 10 of the Dungeon)
  9597 | D:11     | Received a gift from Okawaru
  9707 | D:11     | Reached skill level 12 in Fighting
  9744 | D:11     | Found Zuehutee's Pet Rocks.
  9790 | D:11     | Received a gift from Okawaru
  9803 | D:11     | Reached skill level 5 in Shields
 10400 | D:11     | Got an iridescent glaive
 10474 | D:11     | Found a portal to a secret trove of treasure.
 10651 | D:11     | Received a gift from Okawaru
 10666 | D:11     | Noticed a two-headed ogre
 10678 | D:11     | Killed a two-headed ogre
 10678 | D:11     | Reached XP level 12. HP: 80/113 MP: 11/11
 10831 | Trove    | Entered a treasure trove
 10850 | Trove    | Got a crude silver ring
 10852 | Trove    | Got a pitted brass ring
 10870 | Trove    | Identified the +10 glaive "Transmigrator" {freeze, *Drain rN+ Dex+4} (You found it on level 11 of the Dungeon)
 10883 | Trove    | Got a warped ruby amulet
 10889 | Trove    | Got a smoking wooden ring
 10898 | Trove    | Identified the ring "Qemoibaa" {EV+5 Dex+5} (You found it in a treasure trove)
 10900 | Trove    | Identified the amulet of Moderation {RegenMP rElec MR+ Int+2} (You found it in a treasure trove)
 10903 | Trove    | Identified the ring "Ufonkasa" {Wiz Int+2 Dex+2 Slay+3} (You found it in a treasure trove)
 10923 | Trove    | Identified the ring "Lytumm" {Ice Int-2 Dex+4} (You found it in a treasure trove)
 10935 | Trove    | Got a transparent platinum ring
 10939 | Trove    | Got a scintillating silver amulet
 10941 | Trove    | Got a translucent brass ring
 10947 | Trove    | Identified the ring "Tiqoeqiss" {Wiz *Corrode Str+3 SInv Stlth+} (You found it in a treasure trove)
 10949 | Trove    | Identified the amulet of Xom's Entertainment {RegenMP rPois rF+ MR- Dex+3} (You found it in a treasure trove)
 10953 | Trove    | Identified the ring "Joroti Bevy" {MR+ SInv} (You found it in a treasure trove)
 11244 | D:12     | Reached skill level 10 in Armour
 12158 | D:12     | Reached skill level 13 in Fighting
 13001 | D:13     | Noticed a tengu warrior
 13011 | D:12     | Killed a tengu warrior
 13126 | D:13     | Found a flagged portal.
 13159 | Bailey   | Entered a bailey
 14068 | D:13     | Reached XP level 13. HP: 123/123 MP: 12/12
 14162 | D:13     | Reached skill level 14 in Fighting
 14374 | D:13     | Noticed a fire dragon
 14387 | D:13     | Killed a fire dragon
 14387 | D:13     | Received a gift from Okawaru
 14493 | D:13     | You fall through a shaft for 2 floors!
 14493 | D:15     | Entered Level 15 of the Dungeon
 14629 | D:15     | Received a gift from Okawaru
 14727 | D:14     | Noticed motoroller71's ghost (journeyman GnGl)
 14730 | D:14     | Noticed Sonja
 14780 | D:14     | Reached skill level 10 in Shields
 14978 | D:14     | Received a gift from Okawaru
 15064 | D:14     | Received a gift from Okawaru
 15681 | D:15     | Reached skill level 15 in Fighting
 15821 | D:15     | Received a gift from Okawaru
 15972 | D:15     | Reached XP level 14. HP: 119/135 MP: 13/13
 15974 | D:15     | Paralysed by an orc sorcerer for 7 turns
 16570 | D:15     | Received a gift from Okawaru
 17124 | D:15     | Received a gift from Okawaru
 17126 | D:15     | Reached skill level 15 in Crossbows
 17450 | D:15     | Found a staircase to the Depths.
 17456 | Depths:1 | Entered Level 1 of the Depths
 17650 | Depths:1 | Received a gift from Okawaru
 17788 | Depths:1 | Found a gateway to Hell.
 17907 | Depths:1 | Reached skill level 16 in Fighting
 17995 | Depths:1 | Found a radiant altar of Vehumet.
 18076 | Depths:1 | Found Roerphu's Jewellery Emporium.
 18076 | Depths:1 | Found Inuriroan's Gadget Shop.
 18078 | Depths:1 | Found Bacruobb's Jewellery Emporium.
 18109 | Depths:1 | Noticed a green very ugly thing
 18110 | Depths:1 | Noticed a green very ugly thing
 18111 | Depths:1 | Noticed a green very ugly thing
 18115 | Depths:1 | Killed a green very ugly thing
 18124 | Depths:1 | Killed a green very ugly thing
 18130 | Depths:1 | Reached ****** piety under Okawaru
 18146 | Depths:1 | HP: 6/137 [poisoned by a green very ugly thing]
 18147 | Depths:1 | Killed a green very ugly thing
 18147 | Depths:1 | Received a gift from Okawaru
 18148 | Depths:1 | Succumbed to a green very ugly thing's poison

Skill      XL: |  1  2  3  4  5  6  7  8  9 10 11 12 13 14 |
---------------+-------------------------------------------+-----
Armour         | 1 2 3 4 6 8 9 10 11 12 | 12.4
Crossbows      | 5 7 9 10 11 12 13 14 15 | 15.5
Short Blades   | 1 2 |  2.3
Fighting       | 3 4 5 7 8 10 12 13 15 16 | 16.3
Dodging        | 3 4 5 6 |  6.3
Shields        | 1 2 5 8 11 12 | 12.5
Staves         | 3 |  3.6
Polearms       | 2 6 |  6.3
Stealth        | |  0.7

Action                   |  1- 3 |  4- 6 |  7- 9 | 10-12 | 13-15 || total
-------------------------+-------+-------+-------+-------+-------++-------
Melee: Short sword       |    72 |       |       |       |       ||    72
       Headbutt          |     7 |       |    11 |    28 |       ||    46
       Quarterstaff      |       |       |    43 |    12 |       ||    55
       Halberd           |       |       |    20 |    16 |       ||    36
       Trident           |       |       |       |    56 |       ||    56
 Fire: Hand crossbow     |     9 |    93 |   265 |   909 |   561 ||  1837
       Arbalest          |       |       |       |    34 |       ||    34
  Use: Potion            |     1 |       |     2 |     9 |     8 ||    20
       Scroll            |       |       |    16 |    28 |    14 ||    58
 Stab: Sleeping          |     1 |       |       |       |       ||     1
       Confused          |       |       |     1 |       |       ||     1
  Eat: Chunk             |     1 |     3 |    12 |    42 |     3 ||    61
       Ration            |       |       |       |     2 |     3 ||     5
Armor: Leather armour    |    16 |     2 |       |       |       ||    18
       Plate armour      |     8 |     7 |       |       |       ||    15
       Chain mail        |       |       |   161 |   312 |   103 ||   576
Dodge: Dodged            |    53 |    15 |    98 |   297 |   147 ||   610
Block: Shield            |       |       |    17 |   381 |   347 ||   745
       Reflection        |       |       |       |     3 |    33 ||    36
       Other             |       |       |       |    10 |       ||    10
